 Dungeon Crawl Stone Soup version 0.18.1-2-ga659475 (webtiles) character file.

26947 Arkorax the Fighter (level 13, 0/91 HPs)
             Began as a Gargoyle Abyssal Knight on May 8, 2016.
             Was an Elder of Lugonu.
             Slain by a catoblepas (23 damage)
             ... on level 5 of the Lair of Beasts.
             The game lasted 00:36:03 (20701 turns).

Arkorax the Fighter (Gargoyle Abyssal Knight)      Turns: 20701, Time: 00:36:04

Health: 0/91       AC: 25    Str: 26    XL:     13   Next: 29%
Magic:  18/20      EV: 11    Int: 13    God:    Lugonu [****..]
Gold:   933        SH:  8    Dex:  9    Spells: 0 memorised, 12 levels left

rFire  . . .     SeeInvis +     S - +0 morningstar
rCold  . . .     Gourm    .     h - +0 plate armour
rNeg   + . .     Faith    .     N - +0 buckler
rPois  ∞         Spirit   .     q - +0 helmet {SInv}
rElec  +         Dismiss  .     F - +0 cloak
rCorr  .         Reflect  +     (no gloves)
SustAt .         Harm     .     D - +0 pair of boots
MR     .....                    f - +3 amulet of reflection
Stlth  ..........               c - ring of see invisible
                                y - +4 ring of evasion

@: mighty, not resistant to hostile enchantments, extremely unstealthy
A: negative energy resistance 1, electricity resistance, unbreathing,
petrification resistance, rot immunity, AC +9
a: Depart the Abyss, Bend Space, Banish, Corrupt, Renounce Religion


You were on level 5 of the Lair of Beasts.
You worshipped Lugonu.
Lugonu was greatly pleased with you.
You were very hungry.

You visited 2 branches of the dungeon, and saw 16 of its levels.
You visited the Abyss 1 time.
You also visited: Labyrinth.

You collected 933 gold pieces.

Inventory:

Hand Weapons
 R - a +1 flail of holy wrath
 S - a +0 morningstar (weapon)
 U - a +1 mace of crushing
Armour
 h - a +0 plate armour (worn)
 q - a +0 helmet of see invisible (worn)
 D - a +0 pair of boots (worn)
 F - a +0 cloak (worn)
 N - a +0 buckler (worn)
Jewellery
 a - an uncursed ring of magical power {unknown}
 c - a ring of see invisible (right hand)
 f - a +3 amulet of reflection (around neck)
 y - a +4 ring of evasion (left hand)
 C - a cursed amulet of inaccuracy {unknown}
 I - an uncursed ring of resist corrosion
 Y - an uncursed amulet of dismissal
Wands
 d - a wand of random effects (25/48)
 t - a wand of confusion (15/48)
 G - a wand of iceblast (1/15)
 H - a wand of confusion (20/48)
Scrolls
 b - 2 scrolls of magic mapping
 o - 3 scrolls of identify
 v - a scroll of silence
 w - 4 scrolls of remove curse
 x - 3 scrolls of fog
 P - 3 scrolls of blinking
Potions
 g - a potion of might
 i - a potion of cure mutation
 j - a potion of resistance {unknown}
 l - a potion of berserk rage {unknown}
 m - a potion of magic {unknown}
 n - 3 potions of flight
 p - 5 potions of degeneration
 s - a potion of brilliance {unknown}
 u - 4 potions of heal wounds
 z - 2 potions of ambrosia
 B - a potion of mutation {unknown}
 J - a potion of lignification
 L - 2 potions of curing
 T - a potion of invisibility {unknown}
Books
 A - a book of Party Tricks

   Spells                             Type                      Level
   a - Summon Butterflies             Summoning                    1
   b - Apportation                    Translocation                1
   c - Tukima's Dance                 Hexes                        3
   d - Alistair's Intoxication        Transmutation/Poison         5
   e - Invisibility                   Hexes                        6
 O - a Necronomicon

   Spells                             Type                      Level
   a - Haunt                          Necromancy/Summoning         7
   b - Borgnjor's Revivification      Necromancy                   8
   c - Death's Door                   Charms/Necromancy            8
   d - Necromutation                  Transmutation/Necromancy     8
 Q - a book of Fire

   Spells                             Type                      Level
   a - Ignite Poison                  Fire/Transmutation/Poison    3
   b - Fireball                       Conjuration/Fire             5
   c - Bolt of Fire                   Conjuration/Fire             6
   d - Delayed Fireball               Conjuration/Fire             7
   e - Ring of Flames                 Charms/Fire                  7
 V - a book of Summonings

   Spells                             Type                      Level
   a - Recall                         Summoning/Translocation      3
   b - Aura of Abjuration             Summoning                    5
   c - Summon Demon                   Summoning                    5
   d - Summon Forest                  Summoning/Translocation      5
   e - Summon Mana Viper              Hexes/Summoning              5
   f - Shadow Creatures               Summoning                    6
Miscellaneous
 E - 2 phantom mirrors
 K - a legendary deck of changes {drawn: 1}
 X - a fan of gales
Comestibles
 k - 3 beef jerkies
 M - 11 fruits


   Skills:
 * Level 14.6 Fighting
 * Level 13.4 Maces & Flails
 + Level 4.8 Armour
 - Level 0.7 Dodging
 - Level 6.1 Shields
 - Level 9.6 Invocations


You had 12 spell levels left.
You didn't know any spells.

Dungeon Overview and Level Annotations

Branches:
Dungeon (11/15)            Temple (0/1) D:7            Lair (5/8) D:10
 Shoals (0/4) Lair:5
  Snake: Lair:3-6    Spider: Lair:3-6       Orc: D:9-12

Altars:
Dithmenos
Gozag
Nemelex Xobeh
Okawaru
Pakellas
Ru
Sif Muna
Trog
Vehumet
Zin
Beogh

Portals:
Trove: D:10 (give 12 scrolls of teleportation)

Annotations:
Lair:5 corrupted


Innate Abilities, Weirdness & Mutations

You are resistant to torment.
Your stone body is resilient (AC +9).
You are immune to poison.
You resist negative energy.
You are resistant to electric shocks.
You can survive without breathing.
You are immune to petrification.
You are immune to rotting.


Message History

Press: ? - help, Shift-Dir - straight line, f - siren
Aim: a siren, wielding a trident (mesmerising, chance to defeat MR: 57%)
The siren is devoured by a tear in reality.
Lugonu claims a new guest.
You break out of your daze!
You are feeling very hungry.
The merfolk barely misses you.
Unknown command.
Unknown command.
The catoblepas gores you but does no damage.
The merfolk hits you from afar with a trident!
Drink which item? (? for menu, Esc to quit)
You feel very mighty all of a sudden. The catoblepas gores you!
* * * LOW HITPOINT WARNING * * *
Your plate armour prevents you from hitting the catoblepas.
The catoblepas is lightly wounded.
The merfolk hits you but does no damage.
The catoblepas gores you!!
You die...

.....#.# .#.............###
.##.#..###...#..######..###
.####...###...#..#..##..#.#
.###....#P..........##...##
..##...###...#.......#..##
..#..P#.##..#............#
.###.####.#..#....P#.....#
.#########..#..P.#..#P..##
..#.#P.# ......(@Ym.....##
........ .....#####......#
........ ....# ...###...P#
..........### .#>#..###.P#
##....#...#. ≈≈≈≈≈...#.##
###.###.!P#. ###≈≈§.#m.##
.##.#.##...≈ ###.###.§§...#
.....#..#..###..#.####..#.#
.#.......'...§.#...##....##


You could see a catoblepas and a merfolk.

Vanquished Creatures
  A minotaur (Lab)
  2 hydras
  3 elephants (Lair:3)
  A black mamba (Lair:5)
  11 spiny frogs
  A rime drake (Lair:2)
  8 komodo dragons
  11 blink frogs
  A spriggan (D:10)
  A wraith (D:10)
  18 yaks
  A redback (Lab)
  5 basilisks
  2 hungry ghosts (Lab)
  5 hippogriffs
  12 water moccasins
  11 porcupines
  4 ice beasts
  2 sky beasts
  2 orc warriors
  2 phantoms
  3 ogres
  12 wolves
  3 centaurs
  5 crocodiles
  Blork the orc (D:5)
  3 big kobolds
  14 giant frogs
  A wyvern zombie (D:9)
  2 scorpions
  4 jellies
  12 killer bees
  5 crimson imps
  2 giant frog zombies
  A quasit (D:10)
  A hound (D:9)
  2 orc priests
  A giant frog skeleton (D:10)
  4 orc wizards
  9 iguanas
  7 worker ants
  17 sheep
  A howler monkey zombie (D:8)
  A worker ant zombie (D:7)
  3 gnolls (D:10)
  A howler monkey skeleton (D:7)
  13 adders
  43 river rats
  4 shadow imps
  An adder skeleton (D:7)
  A worm (D:2)
  A dart slug (D:1)
  2 giant geckos
  49 orcs
  8 ball pythons
  3 giant cockroaches
  8 goblins
  4 hobgoblins
  16 jackals
  3 quokkas
  6 bats
  A giant gecko skeleton (D:6)
  3 giant newts
  21 kobolds
  A quokka skeleton (D:5)
  6 rats
413 creatures vanquished.

Vanquished Creatures (others)
  2 hydras (Lair:2)
  2 hill giants (D:10)
  A siren (Lair:5)
  2 gargoyles (Lab)
  A spiny frog (Lair:5)
  A torpor snail (Lair:5)
  A two-headed ogre (D:7)
  A shadow (Lab)
  5 yaks (Lair:5)
  A hungry ghost (D:10)
  A mottled dragon (D:7)
  A water moccasin (Lair:5)
  An orc warrior (D:8)
  2 killer bees (D:10)
  7 river rats (Lair:5)
  12 fungi
  9 plants
  4 starspawn tentacles (Lair:5)
  3 starspawn tentacle segments (Lair:5)
57 creatures vanquished.

Grand Total: 470 creatures vanquished

Notes
Turn   | Place    | Note
--------------------------------------------------------------
     0 | Abyss:1  | Arkorax the Gargoyle Abyssal Knight began the quest for the Orb.
     0 | Abyss:1  | Reached XP level 1. HP: 14/14 MP: 2/2
     0 | D:1      | Escaped the Abyss
   134 | D:1      | Reached * piety under Lugonu
   134 | D:1      | Reached XP level 2. HP: 10/19 MP: 3/3
   744 | D:1      | Reached XP level 3. HP: 24/24 MP: 4/4
   960 | D:2      | Reached skill level 4 in Fighting
  1229 | D:2      | Found a bloodstained altar of Trog.
  1432 | D:2      | Reached XP level 4. HP: 29/29 MP: 5/5
  2308 | D:3      | Reached ** piety under Lugonu
  2473 | D:3      | Reached XP level 5. HP: 31/34 MP: 7/7
  2777 | D:4      | Found an opulent altar of Gozag.
  2836 | D:4      | Reached skill level 5 in Fighting
  3044 | D:4      | Noticed an ogre
  3045 | D:4      | Noticed an ogre
  3057 | D:4      | Noticed an ogre
  3261 | D:3      | Killed an ogre
  3261 | D:3      | Reached XP level 6. HP: 17/40 MP: 8/8
  3704 | D:5      | Entered Level 5 of the Dungeon
  3825 | D:5      | Noticed Blork the orc
  3838 | D:5      | Killed Blork the orc
  3838 | D:5      | Reached skill level 6 in Fighting
  3838 | D:5      | Reached XP level 7. HP: 43/46 MP: 9/9
  4269 | D:5      | Found a shadowy altar of Dithmenos.
  4317 | D:5      | Reached skill level 5 in Maces & Flails
  4589 | D:5      | Reached *** piety under Lugonu
  4623 | D:5      | Found an iron altar of Okawaru.
  4796 | D:6      | Reached skill level 7 in Fighting
  5209 | D:5      | Reached XP level 8. HP: 40/53 MP: 11/11
  5335 | D:6      | Found a deep blue altar of Sif Muna.
  5781 | D:7      | Reached skill level 5 in Invocations
  5908 | D:7      | Reached skill level 8 in Fighting
  6081 | D:7      | Reached **** piety under Lugonu
  6143 | D:7      | Reached skill level 1 in Shields
  6143 | D:7      | Reached XP level 9. HP: 35/60 MP: 13/13
  6259 | D:7      | Found a staircase to the Ecumenical Temple.
  6264 | D:7      | Found an oddly glowing altar of Pakellas.
  6612 | D:8      | Found a radiant altar of Vehumet.
  7002 | D:7      | Noticed a two-headed ogre
  7002 | D:7      | Banished a two-headed ogre
  7280 | D:8      | Reached skill level 9 in Fighting
  7767 | D:8      | Found a glowing silver altar of Zin.
  7768 | D:8      | Found a sacrificial altar of Ru.
  8692 | D:9      | Found a roughly hewn altar of Beogh.
  8732 | D:9      | Reached XP level 10. HP: 58/68 MP: 14/14
  8953 | D:9      | Reached skill level 10 in Fighting
  9063 | D:10     | Entered Level 10 of the Dungeon
  9388 | D:10     | Found a portal to a secret trove of treasure.
  9582 | D:10     | Found a staircase to the Lair.
  9589 | D:10     | Noticed a hill giant
  9591 | D:10     | Noticed a hill giant
  9602 | D:10     | Banished a hill giant
  9604 | D:10     | Banished a hill giant
  9683 | D:10     | Reached skill level 5 in Shields
 10898 | Lair:1   | Entered Level 1 of the Lair of Beasts
 10898 | Lair:1   | Found a sparkling altar of Nemelex Xobeh.
 11179 | Lair:1   | Noticed a spiny frog
 11179 | Lair:1   | Noticed a spiny frog
 11187 | Lair:1   | Found a labyrinth entrance.
 11193 | Lab      | Entered a labyrinth
 11767 | Lab      | Corrupted Lab
 11767 | Lab      | Noticed a tentacled starspawn
 11767 | Lab      | Noticed a necromancer
 11767 | Lab      | Noticed a starcursed mass
 11767 | Lab      | Noticed a worldbinder
 11769 | Lab      | Noticed a gargoyle
 11770 | Lab      | Noticed a thrashing horror
 11772 | Lab      | Noticed a tentacled starspawn
 11774 | Lab      | Noticed a gargoyle
 11775 | Lab      | Killed a gargoyle
 11777 | Lab      | Killed a gargoyle
 11927 | Lab      | Reached skill level 11 in Fighting
 11950 | Lab      | Noticed a minotaur
 11961 | Lab      | Killed a minotaur
 11961 | Lab      | Reached skill level 10 in Maces & Flails
 11961 | Lab      | Reached XP level 11. HP: 32/74 MP: 4/17
 13935 | Lair:2   | Noticed a four-headed hydra
 13941 | Lair:2   | Banished a four-headed hydra
 13943 | Lair:2   | Reached skill level 12 in Fighting
 14269 | Lair:2   | Noticed a five-headed hydra
 14280 | Lair:2   | Killed a five-headed hydra
 15232 | Lair:2   | Reached XP level 12. HP: 23/82 MP: 18/18
 15610 | Lair:2   | Noticed an eight-headed hydra
 15615 | Lair:2   | Banished an eight-headed hydra
 15701 | Lair:2   | Reached skill level 13 in Fighting
 15988 | Lair:2   | Noticed an eight-headed hydra
 16003 | Lair:2   | Banished an eight-headed hydra
 18217 | Lair:3   | Reached skill level 14 in Fighting
 18391 | Lair:4   | Noticed a six-headed hydra
 18415 | Lair:4   | Killed a six-headed hydra
 18436 | Lair:4   | Reached XP level 13. HP: 37/90 MP: 20/20
 19606 | Lair:5   | Corrupted Lair:5
 19606 | Lair:5   | Noticed a green death
 19606 | Lair:5   | Noticed a starcursed mass
 19606 | Lair:5   | Noticed a starcursed mass
 19606 | Lair:5   | Noticed a tentacled starspawn
 19606 | Lair:5   | Noticed a tentacled starspawn
 19606 | Lair:5   | Noticed a starcursed mass
 19612 | Lair:5   | Noticed a starcursed mass
 19614 | Lair:5   | Noticed a lorocyproca
 20684 | Lair:5   | Found a staircase to the Shoals.
 20701 | Lair:5   | Slain by a catoblepas

Skill      XL: |  1  2  3  4  5  6  7  8  9 10 11 12 |
---------------+-------------------------------------+-----
Fighting       | 4 5 6 7 8 9 11 12 14 | 14.6
Maces & Flails | 3 4 5 7 8 10 11 13 | 13.4
Invocations    | 3 4 5 6 8 9 |  9.6
Shields        | 1 4 5 6 |  6.1
Armour         | 4 |  4.8
Dodging        | |  0.7

Action                   |  1- 3 |  4- 6 |  7- 9 | 10-12 | 13-15 || total
-------------------------+-------+-------+-------+-------+-------++-------
Melee: Mace              |   113 |   125 |   704 |    40 |       ||   982
       Morningstar       |       |       |       |  1194 |   316 ||  1510
       Flail             |       |       |       |     4 |       ||     4
Invok: Depart the Abyss  |     1 |       |       |       |       ||     1
       Bend Space        |       |     1 |       |       |       ||     1
       Banish            |       |       |     3 |    22 |     1 ||    26
       Corrupt           |       |       |       |     1 |     1 ||     2
Evoke: Wand              |       |       |     5 |     4 |       ||     9
       Deck              |       |       |       |       |     1 ||     1
  Use: Scroll            |     5 |       |       |    16 |     3 ||    24
       Potion            |       |     1 |     5 |     7 |     1 ||    14
 Stab: Confused          |       |       |       |     1 |       ||     1
       Petrified         |       |       |       |       |     1 ||     1
  Eat: Chunk             |     2 |       |     6 |    20 |     2 ||    30
       Meat ration       |       |     1 |       |     2 |       ||     3
       Bread ration      |       |     1 |     2 |     5 |     1 ||     9
       Beef jerky        |       |       |     1 |     1 |       ||     2
       Pizza             |       |       |       |     2 |     1 ||     3
Armor: Ring mail         |    54 |    43 |       |       |       ||    97
       Leather armour    |     2 |       |       |       |       ||     2
       Scale mail        |       |    18 |   411 |       |       ||   429
       Plate armour      |       |       |   115 |   895 |   235 ||  1245
Dodge: Dodged            |    66 |    70 |   617 |   544 |   161 ||  1458
Block: Buckler           |       |       |    79 |   300 |   154 ||   533
